 Dungeon Crawl Stone Soup version 0.23.0-3-gf3c87f2df8 (webtiles) character file.

Game seed: 6647726417150038946

62014 LLavrengius the Basher (level 15, -3/99 HPs)
             Began as a Gargoyle Fighter on Feb 24, 2019.
             Was the Champion of Okawaru.
             Slain by a wolf (5 damage)
             ... on level 2 of the Orcish Mines on Feb 25, 2019.
             The game lasted 01:29:10 (21770 turns).

LLavrengius the Basher (Gargoyle Fighter)          Turns: 21770, Time: 01:29:10

Health: -3/99      AC: 33    Str: 31    XL:     15   Next: 4%
Magic:  21/21      EV:  5    Int:  9    God:    Okawaru [******]
Gold:   2387       SH: 14    Dex:  6    Spells: 14/14 levels left

rFire    + . .     SeeInvis .   a - +4 morningstar
rCold    + + .     Gourm    .   T - +1 shield {reflect}
rNeg     + . .     Faith    .   S - +2 gold dragon scales
rPois    ∞         Spirit   .   Q - +1 hat "Padgh" {MR+}
rElec    +         Reflect  +   g - scarf {repulsion}
rCorr    .         Harm     .   W - +0 pair of gloves
MR       ++...                  x - +0 pair of boots
Stlth    ..........             M - amulet "Xeefrebla" {RegenMP +Blink Str+4 Dex-4}
HPRegen  0.26/turn              H - ring of protection from cold
MPRegen  0.42/turn              V - +2 ring of strength

@: flying, very slightly contaminated, lightly drained, invisible, repel
missiles
A: big wings, negative energy resistance 1, electricity resistance, unbreathing,
petrification resistance, rot immunity, AC +11
a: Stop Flying, Heroism, Finesse, Renounce Religion, Evoke Blink


You were on level 2 of the Orcish Mines.
You worshipped Okawaru.
Okawaru was exalted by your worship.
You were not hungry.

You visited 3 branches of the dungeon, and saw 20 of its levels.
You also visited: Bailey and Ice Cave.

You collected 2443 gold pieces.
You spent 56 gold pieces at shops.

Inventory:

Hand Weapons
 a - a +4 morningstar (weapon)
 c - the cursed +1 hand axe of Eternal War {flame, rF+}
   (You found it in an ice cave)

   It has been specially enchanted to burn those struck by it, causing extra
   injury to most foes and up to half again as much damage against particularly
   susceptible opponents.
   Big, fiery blades are also staple armaments of hydra-hunters.
   It protects you from fire.
   It has a curse placed upon it.
 C - a +3 spear of freezing
Armour
 g - a scarf of repulsion (worn)
 x - a +0 pair of boots (worn)
 Q - the +1 hat "Padgh" (worn) {MR+}
   (Okawaru gifted it to you on level 9 of the Dungeon)

   It affects your resistance to hostile enchantments.
 S - +2 gold dragon scales (worn)
 T - a +1 shield of reflection (worn)
 W - a +0 pair of gloves (worn)
Jewellery
 G - an uncursed ring of positive energy
 H - a ring of protection from cold (left hand)
 I - an uncursed ring of protection from cold
 J - an uncursed ring of fire
 M - the amulet "Xeefrebla" (around neck) {RegenMP +Blink Str+4 Dex-4}
   (You found it in a bailey)

   [amulet of magic regeneration]

   It increases your magic regeneration.
   It affects your strength (+4).
   It affects your dexterity (-4).
   It lets you blink.
 V - a +2 ring of strength (right hand)
Wands
 b - a wand of disintegration (14)
 A - a wand of paralysis (12)
 D - a wand of clouds (8)
 L - a wand of acid (14)
 N - a wand of flame (27)
 R - a wand of iceblast (11)
Scrolls
 i - 3 scrolls of enchant armour
 j - 4 scrolls of amnesia
 l - 2 scrolls of identify
 m - 2 scrolls of blinking
 p - a scroll of magic mapping
 r - 5 scrolls of fear
 y - 9 scrolls of teleportation
 B - 2 scrolls of remove curse
 O - a scroll of enchant weapon
Potions
 d - 5 potions of might
 e - 3 potions of mutation
 h - 2 potions of brilliance
 k - 2 potions of heal wounds
 q - 2 potions of agility
 s - a potion of berserk rage
 v - a potion of magic
 w - 2 potions of cancellation
 z - 5 potions of curing
 E - 3 potions of ambrosia
 F - 4 potions of haste
 Y - a potion of resistance
Miscellaneous
 n - a box of beasts
 t - a fan of gales
 u - a lightning rod (4/4)
Comestibles
 f - 43 rations
 P - 3 chunks of flesh


   Skills:
 + Level 13.5(13.2) Fighting
 * Level 14.7(14.4) Maces & Flails
 - Level 8.0(7.7) Armour
 + Level 13.5(13.2) Shields
 - Level 9.0(8.7) Invocations
 + Level 6.5(6.3) Evocations


You had 14 spell levels left.
You didn't know any spells.
Your spell library contained the following spells:

 Spells                   Type           Power        Failure   Level  Hunger
 Confusing Touch          Hex            #.....       100%        1    ##.....
 Magic Dart               Conj           #...         100%        1    ##.....
 Sting                    Conj/Pois      #...         100%        1    ##.....
 Blink                    Tloc           N/A          100%        2    ###....
 Call Imp                 Summ           #.......     100%        2    ###....
 Poisonous Vapours        Pois/Air       #.....       100%        2    ###....
 Slow                     Hex            #.......     100%        2    ###....
 Confuse                  Hex            #.......     100%        3    ####...
 Conjure Flame            Conj/Fire      #.......     100%        3    ####...
 Gell's Gravitas          Tloc           #.........   100%        3    ####...
 Mephitic Cloud           Conj/Pois/Air  #.......     100%        3    ####...
 Olgreb's Toxic Radiance  Pois           #.......     100%        4    #####..
 Petrify                  Tmut/Erth      #.......     100%        4    #####..
 Metabolic Englaciation   Hex/Ice        #.........   100%        5    ######.
 Venom Bolt               Conj/Pois      #.........   100%        5    ######.
 Yara's Violent Unravell  Hex/Tmut       #.........   100%        5    ######.


Dungeon Overview and Level Annotations

Branches:
Dungeon (12/15)            Temple (0/1) D:6            Lair (6/6) D:8
 Shoals (0/4) Lair:4        Snake (0/4) Lair:4        Slime (0/5) Lair:6
    Orc (2/2) D:12            Elf (0/3) Orc:2

Altars:
Dithmenos
Okawaru
Qazlal
Ru
Sif Muna
Trog
Uskayaw
Xom
Yredelemnul

Shops:
D:4 :   D:12 [

Annotations:
Lair:3 1 runed translucent door, jotwebe's ghost, journeyman DrTm
Lair:6 exclusion: 4 oklob plants


Innate Abilities, Weirdness & Mutations

You are resistant to torment.
Your stone body is resilient. (AC +11)
You are immune to poison.
Your large and strong wings let you fly indefinitely.
You resist negative energy. (rN+)
You are resistant to electric shocks. (rElec)
You can survive without breathing.
You are immune to petrification.
You are immune to rotting.


Message History

The warg bites you but does no damage. The wolf bites you but does no damage.
You puncture the warg!
You kill the warg!
Okawaru accepts your kill. You block the wolf's attack.
The wolf bites you but does no damage.
You hit the wolf but do no damage. You block the orc's attack.
The wolf bites you but does no damage. The ettin barely misses you.
You block the ettin's attack.
A warg comes into view.
Your gold dragon scales prevents you from hitting the ettin.
The warg howls!
The wolf howls!
You hear a howl!
The wolf barely misses you. You block the ettin's attack.
The ettin hits you with a +0 dire flail!!
* * * LOW HITPOINT WARNING * * *
The orc hits you but does no damage. x2
The sun demon shouts!
You block the wolf's attack. The wolf bites you.
* * * LOW HITPOINT WARNING * * *
The wolf bites you.
You die...

...............##
...#...........#
#......3........
.........h.....
#.##h#..#....##
## .....###≈≈≈
##...# ##....#
#@h..# ##h###
#ooCo##.##
##oh.....#
###........
.........
##........
#.#......
...##.#..


You could see an ettin, a sun demon, 2 wargs, 2 wolves, an orc priest and 2
orcs.

Vanquished Creatures
  A frost giant (IceCv)
  6 hydras
  3 catoblepae (Lair:6)
  6 death yaks
  An unseen horror (D:11)
  A lindwurm (Lair:6)
  An orc knight (Bailey)
  An orc sorcerer (Orc:1)
  A cyclops (Orc:1)
  2 manticores (Lair:6)
  5 elephants
  A merfolk siren (Lair:4)
  A black mamba (Lair:3)
  7 spiny frogs
  A torpor snail (Lair:6)
  A centaur skeleton (D:11)
  A gargoyle (D:11)
  A rime drake (Lair:6)
  10 komodo dragons
  18 polar bears
  A queen bee (Lair:3)
  3 merfolk (Lair:4)
  A troll (D:9)
  2 hornets
  19 blink frogs
  Prince Ribbit (D:6)
  13 dream sheep
  5 hippogriffs
  Sigmund (D:4)
  74 yaks
  2 basilisks
  A steam dragon (D:12)
  Grum (D:9)
  A soldier ant (D:12)
  2 wargs
  2 nagas (Lair:4)
  8 water moccasins
  Duvessa (D:6)
  11 porcupines
  2 necrophages
  3 sky beasts
  16 orc warriors
  12 ice beasts
  8 ogres
  33 wolves
  3 centaurs
  4 phantoms
  11 crocodiles
  19 bullfrogs
  3 big kobolds (D:9)
  2 wyvern zombies
  Dowan (D:6)
  2 water moccasin zombies
  3 scorpions
  9 wights
  25 killer bees
  2 electric eels (D:9)
  A howler monkey (D:12)
  2 crimson imps
  2 bullfrog zombies
  2 centaur zombies
  2 jellies
  14 orc priests
  3 bullfrog skeletons
  7 hounds
  28 orc wizards
  An iguana (D:4)
  11 hell rats
  5 worker ants
  A killer bee zombie (D:10)
  A hound zombie (D:5)
  2 hound skeletons
  A worker ant zombie (D:8)
  8 gnolls
  13 adders
  4 shadow imps
  3 white imps (D:9)
  3 oozes
  An adder zombie (D:5)
  An adder skeleton (D:6)
  4 worms
  3 dart slugs
  9 leopard geckos
  94 orcs
  6 giant cockroaches
  4 goblins
  9 hobgoblins
  18 jackals
  A quokka (D:9)
  4 ball pythons
  A ball python skeleton (D:4)
  10 bats
  16 frilled lizards
  12 kobolds
  16 rats
699 creatures vanquished.

Vanquished Creatures (others)
  A white imp (D:9)
  19 fungi
  7 plants
27 creatures vanquished.

Grand Total: 726 creatures vanquished

Notes
Turn   | Place    | Note
-------+----------+-------------------------------------------
     0 | D:1      | LLavrengius the Gargoyle Fighter began the quest for the
                  | Orb.
     0 | D:1      | Reached XP level 1. HP: 14/14 MP: 1/1
    61 | D:1      | Reached XP level 2. HP: 19/19 MP: 2/2
   746 | D:1      | Reached XP level 3. HP: 24/24 MP: 3/3
  1120 | D:2      | Reached XP level 4. HP: 24/29 MP: 4/4
  1248 | D:2      | Found a bloodstained altar of Trog.
  1555 | D:2      | Found a basalt altar of Yredelemnul.
  1903 | D:2      | Found a deep blue altar of Sif Muna.
  2226 | D:3      | Reached XP level 5. HP: 30/34 MP: 5/5
  2504 | D:3      | Found an iron altar of Okawaru.
  2511 | D:3      | Became a worshipper of Warmaster Okawaru
  2602 | D:3      | Reached XP level 6. HP: 40/40 MP: 6/6
  3030 | D:3      | Reached skill level 5 in Fighting
  3030 | D:3      | Reached skill level 5 in Armour
  3030 | D:3      | Reached skill level 5 in Shields
  3267 | D:4      | Reached XP level 7. HP: 32/44 MP: 7/7
  3413 | D:4      | Reached * piety under Okawaru
  3500 | D:4      | Found Wopy's Book Emporium.
  3506 | D:4      | Noticed Sigmund
  3518 | D:4      | Killed Sigmund
  3518 | D:4      | Reached skill level 1 in Invocations
  3683 | D:4      | Reached ** piety under Okawaru
  3690 | D:4      | Reached XP level 8. HP: 37/51 MP: 9/9
  3964 | D:4      | Found a sacrificial altar of Ru.
  4200 | D:5      | Entered Level 5 of the Dungeon
  5335 | D:6      | Noticed Prince Ribbit
  5360 | D:6      | Killed Prince Ribbit
  5360 | D:6      | Reached *** piety under Okawaru
  5360 | D:6      | Reached XP level 9. HP: 26/57 MP: 10/12
  5460 | D:6      | You fall through a shaft!
  5775 | D:6      | Found a staircase to the Ecumenical Temple.
  5972 | D:6      | Noticed Duvessa
  5972 | D:6      | Noticed Dowan
  5991 | D:6      | Killed Duvessa
  5991 | D:6      | Reached skill level 3 in Maces & Flails
  5994 | D:6      | Killed Dowan
  5994 | D:6      | Reached skill level 5 in Invocations
  6159 | D:7      | Reached **** piety under Okawaru
  6211 | D:7      | Reached skill level 4 in Maces & Flails
  6269 | D:7      | Found a stormy altar of Qazlal.
  6855 | D:8      | Reached XP level 10. HP: 43/65 MP: 14/14
  6946 | D:8      | Reached skill level 5 in Maces & Flails
  7457 | D:8      | Found a staircase to the Lair.
  7663 | D:9      | Found a hide-covered altar of Uskayaw.
  7915 | D:9      | Reached skill level 6 in Maces & Flails
  7940 | D:9      | Reached ***** piety under Okawaru
  7975 | D:9      | Noticed a three-headed hydra
  7986 | D:9      | Killed a three-headed hydra
  7986 | D:9      | Reached skill level 7 in Maces & Flails
  8097 | D:9      | Noticed Grum
  8120 | D:9      | Killed Grum
  8127 | D:10     | Entered Level 10 of the Dungeon
  8290 | D:9      | Reached XP level 11. HP: 55/71 MP: 16/16
  8362 | D:9      | Received a gift from Okawaru
  8374 | D:9      | Got a heavily runed hat {god gift}
  8380 | D:9      | Identified the +1 hat "Padgh" {MR+} (Okawaru gifted it to
                  | you on level 9 of the Dungeon)
  8398 | D:9      | Found a shadowy altar of Dithmenos.
  9369 | D:11     | Reached skill level 8 in Maces & Flails
  9449 | D:11     | Found a flagged portal.
  9461 | D:11     | Killed an unseen horror
  9469 | Bailey   | Entered a bailey
  9741 | Bailey   | Noticed an orc knight
  9934 | Bailey   | Got a shimmering platinum amulet
  9964 | Bailey   | Identified the amulet "Xeefrebla" {RegenMP +Blink Str+4
                  | Dex-4} (You found it in a bailey)
  9984 | Bailey   | Reached skill level 10 in Fighting
 10417 | Bailey   | Killed an orc knight
 10417 | Bailey   | Reached skill level 10 in Shields
 10523 | D:11     | Reached skill level 9 in Maces & Flails
 11175 | D:12     | Found Jeitwof's Armour Emporium.
 11177 | D:12     | Found a staircase to the Orcish Mines.
 11340 | D:12     | Bought a cursed +0 pair of gloves for 56 gold pieces
 11398 | D:12     | Reached XP level 12. HP: 77/78 MP: 18/18
 11422 | D:12     | Received a gift from Okawaru
 11427 | D:12     | Got a smoking fustibalus {god gift}
 11428 | D:12     | Identified the +1 fustibalus of Dobrar {venom, rPois MR+
                  | Str+3 Dex+2} (Okawaru gifted it to you on level 12 of the
                  | Dungeon)
 11955 | Lair:1   | Entered Level 1 of the Lair of Beasts
 12172 | Lair:1   | Reached skill level 10 in Maces & Flails
 13211 | Lair:1   | Noticed an eight-headed hydra
 13217 | Lair:1   | Killed an eight-headed hydra
 13217 | Lair:1   | Reached skill level 11 in Maces & Flails
 13242 | Lair:1   | Received a gift from Okawaru
 14026 | Lair:2   | Noticed a four-headed hydra
 14036 | Lair:2   | Killed a four-headed hydra
 14151 | Lair:2   | Reached skill level 1 in Evocations
 14158 | Lair:2   | Received a gift from Okawaru
 14507 | Lair:2   | Reached XP level 13. HP: 81/84 MP: 19/19
 14852 | Lair:3   | Reached skill level 12 in Maces & Flails
 15435 | Lair:3   | Found a runed translucent door.
 15435 | Lair:3   | Found a shimmering altar of Xom.
 15435 | Lair:3   | Noticed jotwebe's ghost (journeyman DrTm)
 15880 | Lair:4   | Found a staircase to the Snake Pit.
 15994 | Lair:4   | Found a frozen archway.
 16106 | IceCv    | Entered an ice cave
 16482 | IceCv    | Received a gift from Okawaru
 16631 | IceCv    | Reached skill level 13 in Maces & Flails
 16686 | IceCv    | Noticed a frost giant
 16711 | IceCv    | Killed a frost giant
 16747 | IceCv    | Gained mutation: Your large and strong wings let you fly
                  | indefinitely. [Gargoyle growth]
 16747 | IceCv    | Reached XP level 14. HP: 42/92 MP: 20/20
 16993 | IceCv    | Identified the cursed +1 hand axe of Eternal War {flame,
                  | rF+} (You found it in an ice cave)
 17604 | Lair:4   | Found a staircase to the Shoals.
 18113 | Lair:5   | Reached skill level 5 in Evocations
 19043 | Lair:6   | Entered Level 6 of the Lair of Beasts
 19065 | Lair:6   | Received a gift from Okawaru
 19282 | Lair:6   | Reached skill level 14 in Maces & Flails
 19761 | Lair:6   | Reached ****** piety under Okawaru
 21034 | Lair:6   | Found a staircase to the Slime Pits.
 21216 | Orc:1    | Entered Level 1 of the Orcish Mines
 21308 | Orc:1    | Reached XP level 15. HP: 97/99 MP: 21/21
 21399 | Orc:2    | Entered Level 2 of the Orcish Mines
 21541 | Orc:2    | Found a staircase to the Elven Halls.
 21609 | Orc:2    | Received a gift from Okawaru
 21612 | Orc:2    | Identified the +3 eveningstar of Myesapus {crush, -Tele
                  | rF+++ Str-2 Int+8} (Okawaru gifted it to you on level 2 of
                  | the Orcish Mines)
 21770 | Orc:2    | HP: 2/99 [wolf (4)]
 21770 | Orc:2    | Slain by a wolf

Skill      XL: |  1  2  3  4  5  6  7  8  9 10 11 12 13 14 |
---------------+-------------------------------------------+-----
Fighting       | 4 5 6 7 8 9 10 11 12 13 | 13.5
Armour         | 4 5 6 7 8 |  8.0
Shields        | 4 5 6 7 8 9 10 11 12 13 | 13.5
Invocations    | 1 4 5 7 8 9 |  9.0
Maces & Flails | 4 7 9 11 13 14 | 14.7
Evocations     | 1 4 6 |  6.5

Action                   |  1- 3 |  4- 6 |  7- 9 | 10-12 | 13-15 || total
-------------------------+-------+-------+-------+-------+-------++-------
Melee: Flail             |   120 |   295 |    13 |       |       ||   428
       Dagger            |       |     6 |   405 |       |       ||   411
       Short sword       |       |       |   241 |       |       ||   241
       Morningstar       |       |       |   166 |   895 |  1304 ||  2365
       Trident           |       |       |       |    20 |       ||    20
       Glaive            |       |       |       |    11 |       ||    11
 Fire: Hand crossbow     |       |       |       |    65 |       ||    65
Throw: Tomahawk          |       |       |       |     3 |       ||     3
Invok: Heroism           |       |       |       |     2 |     5 ||     7
       Finesse           |       |       |       |     2 |     3 ||     5
 Abil: Fly               |       |       |       |       |     1 ||     1
Evoke: Wand              |       |       |       |    10 |       ||    10
  Use: Scroll            |       |       |    15 |    13 |    10 ||    38
       Potion            |       |       |       |       |     3 ||     3
 Stab: Petrified         |       |       |       |       |    16 ||    16
  Eat: Chunk             |     1 |     8 |    13 |    26 |    19 ||    67
       Ration            |       |       |       |       |     2 ||     2
Armor: Scale mail        |    58 |   194 |    51 |       |       ||   303
       Chain mail        |       |       |   513 |       |       ||   513
       Plate armour      |       |       |       |   279 |       ||   279
       Gold dragon scale |       |       |       |   293 |   861 ||  1154
Dodge: Dodged            |    42 |   105 |   252 |   159 |   257 ||   815
       Deflected         |       |       |     1 |    11 |     3 ||    15
Block: Shield            |    72 |   207 |   486 |   616 |  1023 ||  2404
       Reflection        |       |       |       |     1 |     4 ||     5
